 Dungeon Sprint DCSS version 0.27-a0-65-gfb268537a3 (webtiles) character file.

Game seed: 9792494478763772455

18321 rocky1 the Earth Mage (level 12, -7/79 HPs)
             Began as a Gargoyle Earth Elementalist on Jan 9, 2021.
             Was the Champion of Sif Muna.
             Mangled by a dire elephant (18 damage)
             ... in the Dungeon (Sprint III: "The Ten Rune Challenge").
             The game lasted 00:24:37 (2897 turns).

rocky1 the Earth Mage (Gargoyle Earth Elementalist) Turns: 2897, Time: 00:24:38

Health: -7/79      AC: 12    Str: 13    XL:     12   Next: 57%
Magic:  18/28      EV: 17    Int: 20    God:    Sif Muna [******]
Gold:   459        SH:  0    Dex: 10    Spells: 1/35 levels left

rFire    . . .     SeeInvis .   c - +1 morningstar (drain)
rCold    . . .     Faith    .   (no shield)
rNeg     + . .     Spirit   .   r - +2 robe
rPois    ∞         Reflect  .   (no helmet)
rElec    +         Harm     .   (no cloak)
rCorr    .         Rampage  .   (no gloves)
Will     .....     NoTele   +   (no boots)
Stlth    ++++......             (no amulet)
HPRegen  0.23/turn              (no ring)
MPRegen  0.21/turn              (no ring)

@: no status effects
A: negative energy resistance 1, electricity resistance, unbreathing,
petrification resistance, miasma immunity, AC +8
a: Renounce Religion, Channel Magic, Forget Spell, Divine Exegesis


You were in the Dungeon.
You worshipped Sif Muna.
Sif Muna was exalted by your worship.
You visited 1 branch You collected 794 gold pieces.
You spent 335 gold pieces at shops.

Inventory:

Hand Weapons
 c - a +1 morningstar of draining (weapon)
 h - a +2 long sword of holy wrath
 j - a +2 scimitar of flaming
Missiles
 b - 23 stones
Armour
 r - a +2 robe (worn)
Scrolls
 a - a scroll of amnesia
 i - 2 scrolls of blinking
 l - a scroll of torment
 m - 2 scrolls of remove curse
 o - a scroll of holy word
 p - 4 scrolls of identify
 s - a scroll of random uselessness
 u - 2 scrolls of enchant weapon
Potions
 e - a potion of might
 f - a potion of haste
 g - a potion of magic
 k - 4 potions of mutation
 n - 3 potions of flight
Miscellaneous
 q - a phial of floods


   Skills:
 - Level 10.9 Fighting
 - Level 9.0 Maces & Flails
 + Level 11.5 Dodging
 - Level 10.3 Stealth
 + Level 12.4 Spellcasting
 + Level 5.6 Conjurations
 - Level 4.0 Translocations
 + Level 2.7 Transmutations
 + Level 18.2 Earth Magic
 + Level 11.9 Invocations


You had one spell level left.
You knew the following spells:

 Your Spells              Type           Power        Failure   Level
a - Sandblast             Erth           100%         0%          1
b - Stone Arrow           Conj/Erth      100%         1%          3
c - Lee's Rapid Deconstr  Erth           35%          1%          5
d - Blink                 Tloc           N/A          1%          2
e - Bolt of Magma         Conj/Fire/Erth 22%          6%          5
f - Lehudib's Crystal Sp  Conj/Erth      28%          95%         8
g - Iron Shot             Conj/Erth      28%          6%          6
h - Petrify               Tmut/Erth      53%          1%          4

Your spell library contained the following spells:

 Spells                   Type           Power        Failure   Level
 Beastly Appendage        Tmut           46%          1%          1
 Foxfire                  Conj/Fire      92%          1%          1
 Magic Dart               Conj           100%         1%          1
 Shock                    Conj/Air       92%          1%          1
 Sting                    Tmut/Pois      68%          3%          1
 Passwall                 Tmut/Erth      44%          1%          2
 Leda's Liquefaction      Hex/Erth       24%          1%          4
 Lesser Beckoning         Tloc           14%          3%          3
 Borgnjor's Vile Clutch   Necr/Erth      24%          3%          5
 Conjure Flame            Conj/Fire      23%          4%          3
 Dazzling Flash           Conj/Hex       46%          4%          3
 Static Discharge         Conj/Air       23%          4%          3
 Portal Projectile        Hex/Tloc       40%          7%          3
 Mephitic Cloud           Conj/Pois/Air  19%          8%          3
 Iskenderun's Mystic Bla  Conj/Tloc      31%          8%          4
 Call Imp                 Summ           12%          9%          2
 Ensorcelled Hibernation  Hex/Ice        24%          9%          2
 Poisonous Vapours        Pois/Air       24%          9%          2
 Slow                     Hex            12%          9%          2
 Swiftness                Air            12%          9%          2
 Ignite Poison            Fire/Tmut/Pois 16%          11%         3
 Iskenderun's Battlesphe  Conj           35%          14%         5
 Fulminant Prism          Conj/Hex       11%          17%         4
 Hailstorm                Conj/Ice       23%          17%         4
 Sticky Flame             Conj/Fire      23%          17%         4
 Irradiate                Conj/Tmut      14%          26%         5
 Fireball                 Conj/Fire      11%          43%         5
 Lightning Bolt           Conj/Air       11%          43%         5
 Blade Hands              Tmut           11%          45%         5
 Olgreb's Toxic Radiance  Pois           12%          47%         4
 Summon Forest            Summ/Tloc      10%          54%         5
 Metabolic Englaciation   Hex/Ice        6%           83%         5
 Silence                  Hex/Air        6%           83%         5
 Summon Demon             Summ           6%           83%         5
 Conjure Ball Lightning   Conj/Air       11%          95%         6
 Hydra Form               Tmut           11%          95%         6
 Shatter                  Erth           35%          97%         9
 Freezing Cloud           Conj/Ice/Air   9%           98%         6
 Shadow Creatures         Summ           N/A          100%        6
 Chain Lightning          Conj/Air       11%          100%        8
 Ignition                 Fire           6%           100%        8
 Necromutation            Tmut/Necr      8%           100%        8


Dungeon Overview and Level Annotations

Branches:
Dungeon (1/1)

Altars:
Cheibriados
Dithmenos
Elyvilon
Fedhas
Gozag
Hepliaklqana
Kikubaaqudgha
Makhleb
Nemelex Xobeh
Okawaru
Qazlal
Ru
Sif Muna
Trog
Uskayaw
Vehumet
Wu Jian
Xom
Yredelemnul
Zin
The Shining One
Beogh
Jiyva
Lugonu

Shops:
D ?

Annotations:
D Gastronok


Innate Abilities, Weirdness & Mutations

You are resistant to torment.
Your stone body is resilient. (AC +8)
You are immune to poison.
You resist negative energy. (rN+)
You are resistant to electric shocks. (rElec)
You can survive without breathing.
You are immune to petrification.
You are immune to miasma.


Message History

Press: ? - help, Dir - move target A rock wall.
The wall shatters!
The blast of rock fragments hits the dire elephant!
The dire elephant is severely wounded.
The dire elephant tramples you but does no damage.
The dire elephant trunk-slaps you.
* * * LOW HITPOINT WARNING * * *
Unknown command.
Casting: Lee's Rapid Deconstruction (safe; 1% risk of failure)
Confirm with . or Enter, or press ? or * to list all spells.
Aiming: Lee's Rapid Deconstruction (safe; 1% risk of failure)
Press: ? - help, Dir - move target A rock wall.
The wall shatters!
The blast of rock fragments hits the dire elephant!!
The dire elephant is almost dead.
Gastronok glows a brilliant shade of cerise.
The dire elephant tramples you!!
You die...

▓...†.............#___#__'..
▓▓▓▓▓▓▓▓▓▓▓▓▓▓▓▓▓▓▓▓▓▓▓▓▓▓▓▓
▓...+≈≈≈≈≈≈§≈≈♣♣.....♣♣♣♣≈≈
▓..P#≈≈≈§§§§≈≈♣♣†≈≈≈≈'♣♣÷♣≈
▓.PP#≈≈≈§§§≈≈≈≈'...†÷#.≈♣♣♣
▓YYP#≈≈≈≈§§≈≈≈♣♣♣♣♣♣♣#..♣
..!#≈.≈≈§§≈≈≈♣ ###+
▓##'####'#######♣
▓...wYY..Y@.....♣
▓#+#############+ ...# ▓...+
▓JJ.# ▓JJ.# #+###


You could see Gastronok, 2 dire elephants and an elephant.

Vanquished Creatures
  Rupert (D)
  A deep elf master archer (D)
  A deep elf demonologist (D)
  A deep elf death mage (D)
  A deep elf high priest (D)
  Erica (D)
  A centaur warrior (D)
  An orc high priest (D)
  2 unseen horrors (D)
  An orc sorcerer (D)
  7 deep elf magi (D)
  An elephant (D)
  2 cane toads (D)
  A komodo dragon (D)
  A rime drake (D)
  3 wandering mushrooms (D)
  A queen bee (D)
  5 blink frogs (D)
  A shadow (D)
  A spatial vortex (D)
  A swamp drake (D)
  An orc warrior (D)
  A necrophage (D)
  2 centaurs (D)
  An earth elemental (D)
  A water elemental (D)
  A scorpion (D)
  32 killer bees (D)
  A jelly (D)
  3 orc wizards (D)
  A wizard (D)
  2 orc priests (D)
  Jessica (D)
  A necromancer (D)
  3 humans (D)
  A kobold demonologist (D)
  An ooze (D)
  10 orcs (D)
  2 rats (D)
100 creatures vanquished.

Vanquished Creatures (others)
  5 plants (D)
5 creatures vanquished.

Grand Total: 105 creatures vanquished

Notes
Turn   | Place    | Note
-------+----------+-------------------------------------------
     0 | D        | rocky1 the Gargoyle Earth Elementalist began the quest for
                  | the Orb.
     0 | D        | Reached XP level 1. HP: 10/10 MP: 3/3
     6 | D        | Reached skill level 4 in Earth Magic
    21 | D        | Reached skill level 5 in Earth Magic
    68 | D        | Noticed Jessica
    79 | D        | Killed Jessica
    80 | D        | Reached skill level 8 in Earth Magic
    80 | D        | Reached XP level 2. HP: 15/15 MP: 3/5
    80 | D        | Reached XP level 3. HP: 19/19 MP: 3/6
   135 | D        | Reached skill level 9 in Earth Magic
   195 | D        | Noticed a scorpion
   201 | D        | Killed a scorpion
   202 | D        | Reached skill level 11 in Earth Magic
   202 | D        | Reached XP level 4. HP: 24/24 MP: 3/7
   283 | D        | Noticed a water elemental
   292 | D        | Killed a water elemental
   293 | D        | Reached XP level 5. HP: 30/30 MP: 5/9
   331 | D        | Learned a level 5 spell: Lee's Rapid Deconstruction
   335 | D        | Learned a level 3 spell: Stone Arrow
   342 | D        | Found a radiant altar of Vehumet.
   342 | D        | Found a shimmering blue altar of Sif Muna.
   342 | D        | Found an ancient bone altar of Kikubaaqudgha.
   356 | D        | Became a worshipper of Sif Muna the Loreminder
   397 | D        | Learned a level 2 spell: Blink
   404 | D        | Found a hide-covered altar of Uskayaw.
   404 | D        | Found a roughly hewn altar of Beogh.
   404 | D        | Found an iron altar of Okawaru.
   404 | D        | Found a bloodstained altar of Trog.
   404 | D        | Found an ornate altar of the Wu Jian Council.
   404 | D        | Noticed a human
   404 | D        | Noticed a human
   406 | D        | Killed a human
   407 | D        | Reached skill level 12 in Earth Magic
   407 | D        | Reached XP level 6. HP: 40/40 MP: 0/12
   408 | D        | Killed a human
   409 | D        | Reached skill level 5 in Fighting
   409 | D        | Reached skill level 5 in Spellcasting
   409 | D        | Reached XP level 7. HP: 37/44 MP: 7/14
   500 | D        | Found a basalt altar of Yredelemnul.
   500 | D        | Found a shadowy altar of Dithmenos.
   500 | D        | Found a sacrificial altar of Ru.
   501 | D        | Reached * piety under Sif Muna
   506 | D        | Reached skill level 5 in Dodging
   506 | D        | Reached skill level 5 in Invocations
   592 | D        | Found a glowing silver altar of Zin.
   592 | D        | Found a glowing golden altar of the Shining One.
   592 | D        | Found a white marble altar of Elyvilon.
   592 | D        | Noticed a deep elf mage
   595 | D        | Killed a deep elf mage
   596 | D        | Reached skill level 13 in Earth Magic
   596 | D        | Reached XP level 8. HP: 50/50 MP: 0/17
   712 | D        | Reached ** piety under Sif Muna
   713 | D        | Noticed a shadow
   715 | D        | Killed a shadow
   716 | D        | Reached skill level 5 in Stealth
   822 | D        | Found a blossoming altar of Fedhas.
   822 | D        | Found a stormy altar of Qazlal.
   822 | D        | Found a snail-covered altar of Cheibriados.
   822 | D        | Found a burning altar of Makhleb.
   822 | D        | Found a shimmering altar of Xom.
   918 | D        | Found a hazy altar of Hepliaklqana.
   918 | D        | Found an opulent altar of Gozag.
   918 | D        | Found a sparkling altar of Nemelex Xobeh.
   918 | D        | Found a corrupted altar of Lugonu.
   918 | D        | Found a viscous altar of Jiyva.
   939 | D        | Noticed Erica
   944 | D        | Killed Erica
   945 | D        | Reached skill level 14 in Earth Magic
   945 | D        | Reached XP level 9. HP: 54/54 MP: 1/20
  1079 | D        | Reached *** piety under Sif Muna
  1187 | D        | Noticed a centaur warrior
  1191 | D        | Killed a centaur warrior
  1313 | D        | Noticed an orc high priest
  1314 | D        | Reached **** piety under Sif Muna
  1315 | D        | Noticed an orc sorcerer
  1316 | D        | Killed an orc high priest
  1316 | D        | Reached ***** piety under Sif Muna
  1316 | D        | Received a gift from Sif Muna
  1317 | D        | Reached skill level 1 in Translocations
  1317 | D        | Reached skill level 15 in Earth Magic
  1317 | D        | Reached XP level 10. HP: 60/60 MP: 6/22
  1318 | D        | Noticed an orange demon
  1321 | D        | Noticed a sun demon
  1324 | D        | Killed an orc sorcerer
  1325 | D        | Identified Suamin's Almanac of the Volcanoes and Attacks
                  | (Sif Muna gifted it to you in the Dungeon)
  1325 | D        | Received a gift from Sif Muna
  1342 | D        | Found Sewackir's Magic Scroll Shop.
  1441 | D        | Bought a scroll of identify for 20 gold pieces
  1441 | D        | Bought a scroll of random uselessness for 10 gold pieces
  1441 | D        | Bought a scroll of fear for 35 gold pieces
  1441 | D        | Bought a scroll of identify for 20 gold pieces
  1441 | D        | Bought a scroll of enchant weapon for 75 gold pieces
  1441 | D        | Bought a scroll of enchant weapon for 75 gold pieces
  1441 | D        | Bought a scroll of identify for 20 gold pieces
  1441 | D        | Bought a scroll of identify for 20 gold pieces
  1441 | D        | Bought 3 scrolls of identify for 60 gold pieces
  1461 | D        | Noticed a deep elf mage
  1461 | D        | Noticed a deep elf mage
  1461 | D        | Noticed a deep elf mage
  1461 | D        | Noticed a deep elf mage
  1461 | D        | Noticed a deep elf mage
  1472 | D        | Killed a deep elf mage
  1473 | D        | Reached skill level 10 in Invocations
  1473 | D        | Killed a deep elf mage
  1473 | D        | Killed a deep elf mage
  1474 | D        | Reached skill level 10 in Stealth
  1476 | D        | Killed a deep elf mage
  1476 | D        | Identified Sif Muna's Grimoire of Changing and Air (Sif
                  | Muna gifted it to you in the Dungeon)
  1476 | D        | Received a gift from Sif Muna
  1476 | D        | Killed a deep elf mage
  1477 | D        | Reached skill level 5 in Maces & Flails
  1487 | D        | Noticed a deep elf annihilator
  1487 | D        | Noticed a deep elf mage
  1489 | D        | Noticed a deep elf demonologist
  1491 | D        | Killed a deep elf demonologist
  1491 | D        | Noticed a deep elf high priest
  1492 | D        | Reached skill level 10 in Spellcasting
  1492 | D        | Reached skill level 16 in Earth Magic
  1492 | D        | Reached XP level 11. HP: 68/68 MP: 9/25
  1492 | D        | Killed a deep elf high priest
  1613 | D        | Noticed a deep elf master archer
  1618 | D        | Killed a deep elf master archer
  1618 | D        | Identified the ring of Pihaitoh {rPois Will+ Int+7 Dex+2}
  1618 | D        | Noticed a deep elf death mage
  1622 | D        | Killed a deep elf death mage
  1623 | D        | Reached skill level 10 in Dodging
  1724 | D        | Identified the cursed +1 whip of Spite {venom, rPois}
  1730 | D        | Killed a deep elf mage
  1731 | D        | Reached skill level 10 in Fighting
  1811 | D        | Noticed a deep elf demonologist
  1899 | D        | Killed an unseen horror
  1899 | D        | Identified Sif Muna's Reference Book on Flamy Toxins (Sif
                  | Muna gifted it to you in the Dungeon)
  1899 | D        | Received a gift from Sif Muna
  1900 | D        | Reached skill level 17 in Earth Magic
  1902 | D        | Killed an unseen horror
  2018 | D        | Identified Cerebov's Guide on Conjuration (Sif Muna gifted
                  | it to you in the Dungeon)
  2018 | D        | Received a gift from Sif Muna
  2022 | D        | Identified Sif Muna's Grimoire of Enthralling Conjuration
                  | (Sif Muna gifted it to you in the Dungeon)
  2022 | D        | Received a gift from Sif Muna
  2022 | D        | Reached ****** piety under Sif Muna
  2028 | D        | Identified Wosahulo's Guide on Destructive Transformation
                  | (Sif Muna gifted it to you in the Dungeon)
  2028 | D        | Received a gift from Sif Muna
  2030 | D        | Reached XP level 12. HP: 79/79 MP: 6/27
  2053 | D        | Learned a level 5 spell: Bolt of Magma
  2062 | D        | Learned a level 8 spell: Lehudib's Crystal Spear
  2239 | D        | Reached skill level 1 in Conjurations
  2255 | D        | Identified Sif Muna's Collected Works on the Mountains and
                  | the Traveller (Sif Muna gifted it to you in the Dungeon)
  2255 | D        | Received a gift from Sif Muna
  2397 | D        | Learned a level 6 spell: Iron Shot
  2633 | D        | Identified Sif Muna's Spellcasting, Part Five (Sif Muna
                  | gifted it to you in the Dungeon)
  2633 | D        | Received a gift from Sif Muna
  2766 | D        | Learned a level 4 spell: Petrify
  2767 | D        | Noticed Rupert
  2775 | D        | Killed Rupert
  2776 | D        | Reached skill level 5 in Conjurations
  2776 | D        | Reached skill level 18 in Earth Magic
  2880 | D        | Noticed an azure jelly
  2880 | D        | Noticed an azure jelly
  2880 | D        | Noticed an azure jelly
  2880 | D        | Noticed an azure jelly
  2882 | D        | Noticed a dire elephant
  2882 | D        | Noticed a dire elephant
  2882 | D        | Noticed Gastronok
  2897 | D        | Mangled by a dire elephant

Illustrated notes

Levels and vault maps discovered:
D:        dungeon_sprint_mu [sprint_mu_entry_forest, sprint_mu_temple_rooms,
          sprint_mu_d1_horrors, sprint_mu_d2_genie, sprint_mu_d3_branching,
          sprint_mu_orc_legion, sprint_mu_elf_gauntlet, sprint_mu_hive_nellie,
          sprint_mu_lair_fedhas, sprint_mu_vaults_butterflies,
          sprint_mu_slime_circle, sprint_mu_swamp_cave, sprint_mu_snake_twists,
          sprint_mu_blade_basic, sprint_mu_crypt_chambers,
          sprint_mu_tomb_spiral, sprint_mu_vestibule_basic,
          sprint_mu_gehenna_hellfire, sprint_mu_dis_giant,
          sprint_mu_tartarus_statrot, sprint_mu_cocytus_islands, sprint_mu_zot1]

Skill      XL: |  1  2  3  4  5  6  7  8  9 10 11 12 |
---------------+-------------------------------------+-----
Earth Magic    | 8 11 12 13 14 15 16 17 18 | 18.2
Fighting       | 2 4 5 6 8 10 | 10.9
Maces & Flails | 2 5 8 9 |  9.0
Dodging        | 2 4 5 7 8 9 10 11 | 11.5
Spellcasting   | 4 5 6 7 8 10 11 12 | 12.4
Invocations    | 3 4 6 8 9 10 11 | 11.9
Stealth        | 4 7 9 10 | 10.3
Translocations | 1 4 |  4.0
Conjurations   | 5 |  5.6
Transmutations | 2 |  2.7

Action                   |  1- 3 |  4- 6 |  7- 9 | 10-12 || total
-------------------------+-------+-------+-------+-------++-------
Melee: Unarmed           |    21 |       |       |       ||    21
       Club              |       |     5 |     3 |     8 ||    16
       Morningstar       |       |       |       |     9 ||     9
 Cast: Sandblast         |    10 |     7 |       |    11 ||    28
       Lee's Rapid Decon |       |     3 |    23 |    59 ||    85
       Stone Arrow       |       |       |     1 |    34 ||    35
Invok: Channel Magic     |       |       |       |     9 ||     9
  Use: Potion            |       |     3 |       |     2 ||     5
       Scroll            |       |       |     1 |     5 ||     6
 Stab: Sleeping          |     1 |       |       |       ||     1
Armor: Robe              |     5 |     2 |     4 |    19 ||    30
Dodge: Dodged            |    14 |     5 |     1 |    64 ||    84

Table legend: (Time is in decaauts)
 A = Elapsed time spent in this place.
 B = Non-inter-level travel time spent in this place.
 C = Inter-level travel time spent in this place.
 D = Time resting spent in this place.
 E = Time spent auto-exploring this place.
 F = Levels seen in this place.
 G = Mean time per level.
                   A        B        C        D        E       F      G
               +--------+--------+--------+--------+--------+-----+--------+
         Total |   2927 |   2927 |      0 |   1937 |      0 |   1 | 2927.0 |
       Dungeon |   2927 |   2927 |      0 |   1937 |      0 |   1 | 2927.0 |
               +--------+--------+--------+--------+--------+-----+--------+

Top non-repeatable levels by time:
       D: 2927 daAuts
